 Dungeon Crawl Stone Soup version 0.25-a0-365-g7600c65aa0 (webtiles) character file.

Game seed: 850388472636107381, levelgen mode: deterministic

13491 pk666 the Thaumaturge (level 11, -3/54 HPs)
             Began as a Deep Elf Wizard on Jan 5, 2020.
             Was a Priest of Vehumet.
             Killed from afar by an ice statue (11 damage)
             ... with a freezing blast
             ... in an ice cave on Jan 6, 2020.
             The game lasted 00:44:33 (18072 turns).

pk666 the Thaumaturge (Deep Elf Wizard)            Turns: 18072, Time: 00:44:33

Health: -3/54      AC:  9    Str:  4    XL:     11   Next: 76%
Magic:  14/29      EV: 18    Int: 27    God:    Vehumet [***...]
Gold:   254        SH:  0    Dex: 13    Spells: 15/35 levels left

rFire    + + .     SeeInvis .   a - staff of conjuration
rCold    . . .     Gourm    .   (no shield)
rNeg     . . .     Faith    .   F - +2 robe {rF+}
rPois    .         Spirit   .   b - +0 hat
rElec    .         Reflect  .   i - +2 cloak
rCorr    .         Harm     .   w - +0 pair of gloves
MR       +....                  H - +0 pair of boots
Stlth    +++.......             u - amulet of the acrobat
HPRegen  0.18/turn              y - ring of protection from fire
MPRegen  0.21/turn              E - ring of stealth

@: no status effects
A: no striking features
a: Renounce Religion


You were in an ice cave.
You worshipped Vehumet.
Vehumet was most pleased with you.
You were very hungry.

You visited 2 branches of the dungeon, and saw 12 of its levels.
You also visited: Ice Cave.

You collected 709 gold pieces.
You spent 455 gold pieces at shops.

Inventory:

Hand Weapons
 l - a +1 dagger
Armour
 b - a +0 hat (worn)
 i - a +2 cloak (worn)
 w - a +0 pair of gloves (worn)
 F - a +2 robe of fire resistance (worn)
 H - a +0 pair of boots (worn)
Magical Staves
 a - an uncursed staff of conjuration (weapon)
Jewellery
 u - an amulet of the acrobat (around neck)
 y - a ring of protection from fire (left hand)
 E - a ring of stealth (right hand)
Wands
 o - a wand of digging (2)
 v - a wand of iceblast (9)
 z - a wand of disintegration (9)
 A - a wand of polymorph (20)
 D - a wand of acid (10)
 G - a wand of clouds (8)
Scrolls
 c - 4 scrolls of enchant weapon
 f - 9 scrolls of identify
 h - 2 scrolls of enchant armour {unknown}
 j - 3 scrolls of magic mapping {unknown}
 k - 4 scrolls of teleportation
 m - 6 scrolls of remove curse
 n - 3 scrolls of fear {unknown}
 r - 4 scrolls of amnesia {unknown}
 I - a scroll of silence {unknown}
Potions
 e - a potion of ambrosia
 g - 6 potions of curing
 p - 3 potions of heal wounds
 q - a potion of invisibility
 s - a potion of flight
 t - a potion of lignification {unknown}
 x - a potion of degeneration {unknown}
 B - 3 potions of brilliance {unknown}
 C - a potion of haste
Comestibles
 d - 14 rations


   Skills:
 + Level 10.8 Dodging
 - Level 2.4 Stealth
 + Level 12.8 Spellcasting
 + Level 10.5 Conjurations
 - Level 2.0 Summonings
 - Level 1.1 Translocations
 + Level 10.2 Fire Magic
 - Level 2.0 Air Magic
 - Level 2.0 Poison Magic


You had 15 spell levels left.
You knew the following spells:

 Your Spells              Type           Power        Failure   Level  Hunger
a - Magic Dart            Conj           ####         1%          1    None
b - Blink                 Tloc           N/A          3%          2    None
c - Conjure Flame         Conj/Fire      #######.     1%          3    None
d - Mephitic Cloud        Conj/Pois/Air  ######..     1%          3    None
e - Call Imp              Summ           ####....     2%          2    None
f - Fireball              Conj/Fire      #######...   1%          5    ##.....
x - Sticky Flame          Conj/Fire      #######.     1%          4    None

Your spell library contained the following spells:

 Spells                   Type           Power        Failure   Level  Hunger
 Fulminant Prism          Conj/Hex       ######....   1%          4    None
 Foxfire                  Conj/Fire      ####         1%          1    None
 Inner Flame              Hex/Fire       #####...     1%          3    None
 Slow                     Hex            ###.....     4%          2    None


Dungeon Overview and Level Annotations

Branches:
Dungeon (11/15)            Temple (1/1) D:5            Lair (0/6) D:8
  IceCv (1/1)
    Orc: D:9-12

Altars:
Ashenzari
Cheibriados
Dithmenos
Elyvilon
Fedhas
Gozag
Hepliaklqana
Kikubaaqudgha
Makhleb
Nemelex Xobeh
Okawaru
Qazlal
Ru
Sif Muna
Trog
Uskayaw
Vehumet
Wu Jian
Xom
Yredelemnul
Zin
The Shining One

Shops:
D:4 :*   D:5 *

Annotations:
D:7 exclusion: downstairs
D:8 3 runed translucent doors, LostGamesStreakFreak's ghost, novice GrAr IceCv exclusion: ice statue


Message History

Aim: an ice statue (moderately damaged)
You feel a surge of power!
The fireball explodes!
The fireball engulfs the ice statue but does no damage.
The ice statue is moderately damaged.
Your iron imp barely misses the ice beast.
The ice beast misses you.
Casting: Fireball (safe; 1% risk of failure)
Confirm with . or Enter, or press ? or * to list all spells.
Aiming: Fireball (safe; 1% risk of failure)
Press: ? - help, Shift-Dir - straight line, f/p - ice statue
Aim: an ice statue (moderately damaged)
You feel a surge of power!
The fireball explodes!
The fireball engulfs the ice statue!!!
The ice statue melts!
The ice statue is almost destroyed.
Your iron imp hits the ice beast but does no damage.
The ice beast hits you. The ice beast freezes you!
* * * LOW HITPOINT WARNING * * *
The ice statue gestures at you. The freezing blast engulfs you!
You die...

.......## .........##
.........?# ####
.........########..##
..........##..##....##
.....................#
...⌠.............∩∩..#
.........5..##.......#
.......@Y.######....##
.........## ##..##
.........8# ####
.........## ........##
#.....### ######


You could see an ice statue, an ice beast and a friendly iron imp.

Vanquished Creatures
  Erica (D:9)
  A death yak (D:8)
  Maurice (D:8)
  An elephant (D:8)
  2 cyclopes (D:11)
  An ice statue (IceCv)
  2 rime drakes (D:11)
  3 ice devils (IceCv)
  A hippogriff (D:7)
  A spriggan (D:7)
  25 yaks
  Grum (D:10)
  2 basilisks
  A hungry ghost (D:8)
  3 phantoms
  2 black bears (D:7)
  3 sky beasts
  3 ogres
  4 wolves (D:10)
  5 centaurs
  A crocodile (D:8)
  A big kobold (D:10)
  A gnoll sergeant (D:6)
  7 bullfrogs
  2 scorpions
  A water moccasin skeleton (D:6)
  5 killer bees (D:9)
  5 wights (D:8)
  3 howler monkeys (D:9)
  5 crimson imps
  A quasit (D:10)
  A centaur skeleton (D:5)
  A bullfrog zombie (D:8)
  An orc priest (D:4)
  A bullfrog skeleton (D:7)
  4 hounds
  A jelly (D:10)
  4 orc wizards (D:4)
  3 iguanas
  Ijyb (D:3)
  7 worker ants
  A killer bee zombie (D:8)
  A worker ant zombie (D:6)
  4 gnolls (D:6)
  14 adders
  An ooze (D:5)
  An adder zombie (D:8)
  2 adder skeletons
  4 worms
  4 dart slugs
  4 leopard geckos
  29 orcs
  3 ball pythons
  8 bats
  4 giant cockroaches
  8 goblins
  7 hobgoblins
  13 jackals
  6 quokkas
  7 frilled lizards
  10 kobolds
  11 rats
261 creatures vanquished.

Vanquished Creatures (collateral kills)
  A death yak (D:8)
  Psyche (D:7)
  2 yaks (D:11)
  A centaur (D:7)
  A killer bee (D:9)
  A gnoll (D:6)
  A leopard gecko (D:7)
  An orc (D:3)
  A hobgoblin (D:3)
10 creatures vanquished.

Grand Total: 271 creatures vanquished

Notes
Turn   | Place    | Note
-------+----------+-------------------------------------------
     0 | D:1      | pk666 the Deep Elf Wizard began the quest for the Orb.
     0 | D:1      | Reached XP level 1. HP: 10/10 MP: 7/7
   354 | D:1      | Reached XP level 2. HP: 14/15 MP: 0/9
   997 | D:1      | Reached skill level 5 in Spellcasting
  1015 | D:1      | Reached XP level 3. HP: 19/19 MP: 9/11
  1019 | D:1      | Learned a level 2 spell: Blink
  1023 | D:1      | Learned a level 3 spell: Conjure Flame
  1027 | D:1      | Learned a level 3 spell: Mephitic Cloud
  1030 | D:1      | Learned a level 2 spell: Call Imp
  1862 | D:2      | Reached XP level 4. HP: 24/24 MP: 8/13
  2006 | D:2      | Found a stormy altar of Qazlal.
  2006 | D:2      | Noticed an earth elemental
  2007 | D:2      | Noticed a water elemental
  2007 | D:2      | Noticed a fire elemental
  2007 | D:2      | Noticed an air elemental
  2591 | D:3      | Reached skill level 1 in Fire Magic
  2591 | D:3      | Reached skill level 1 in Poison Magic
  2969 | D:3      | Noticed Ijyb
  2997 | D:3      | Killed Ijyb
  2997 | D:3      | Reached skill level 1 in Air Magic
  3279 | D:3      | Reached XP level 5. HP: 28/28 MP: 8/14
  4716 | D:4      | Found Zir Agg's General Store.
  4762 | D:4      | Reached XP level 6. HP: 32/32 MP: 3/16
  5073 | D:4      | Reached skill level 6 in Spellcasting
  5695 | D:4      | Reached XP level 7. HP: 25/36 MP: 6/19
  5853 | D:4      | Found Vorchi Semo's Book Emporium.
  6196 | D:4      | Found an ornate altar of the Wu Jian Council.
  6535 | D:5      | Entered Level 5 of the Dungeon
  6661 | D:5      | Reached skill level 7 in Spellcasting
  7107 | D:5      | Found an ancient bone altar of Kikubaaqudgha.
  7162 | D:5      | Found Poemuo's Assorted Antiques.
  7234 | D:5      | Found a staircase to the Ecumenical Temple.
  7246 | Temple   | Entered the Ecumenical Temple
  7562 | D:5      | Found a shimmering altar of Xom.
  7563 | D:5      | Found a radiant altar of Vehumet.
  7696 | D:5      | Became a worshipper of Vehumet
  7948 | D:6      | Reached skill level 5 in Conjurations
  8436 | D:6      | Reached XP level 8. HP: 41/41 MP: 7/21
  8883 | D:6      | Reached skill level 8 in Spellcasting
  8883 | D:6      | Reached skill level 5 in Fire Magic
  9268 | D:6      | Reached * piety under Vehumet
  9268 | D:6      | Offered knowledge of Freeze by Vehumet.
  9268 | D:6      | Reached skill level 5 in Dodging
  9893 | D:7      | Noticed a hippogriff
  9903 | D:7      | Killed a hippogriff
 10015 | D:7      | Reached XP level 9. HP: 45/45 MP: 3/23
 10380 | D:7      | Found a snail-covered altar of Cheibriados.
 10467 | D:7      | Reached skill level 9 in Spellcasting
 11583 | D:4      | Bought a book of Flames for 455 gold pieces
 11589 | D:4      | Learned a level 5 spell: Fireball
 11763 | D:8      | Noticed Maurice
 11966 | D:8      | Noticed Psyche
 12073 | D:8      | Killed Maurice
 12073 | D:8      | Reached skill level 10 in Spellcasting
 12079 | D:8      | Noticed a death yak
 12348 | D:8      | Found a shattered altar of Ashenzari.
 12404 | D:8      | Noticed a death yak
 12555 | D:8      | Noticed an elephant
 12641 | D:8      | Found a runed translucent gate.
 12641 | D:8      | Found a runed translucent gate.
 12646 | D:8      | Found a runed translucent gate.
 12655 | D:8      | Reached XP level 10. HP: 26/50 MP: 7/26
 12670 | D:8      | Killed an elephant
 12813 | D:8      | Found a staircase to the Lair.
 12843 | D:8      | Killed a death yak
 12875 | D:8      | Killed a death yak
 13033 | D:8      | Reached skill level 11 in Spellcasting
 13216 | D:7      | Killed Psyche
 13509 | D:8      | Learned a level 4 spell: Sticky Flame
 13558 | D:8      | Offered knowledge of Searing Ray by Vehumet.
 13562 | D:8      | Reached ** piety under Vehumet
 14091 | D:8      | Noticed LostGamesStreakFreak's ghost (novice GrAr)
 15199 | D:9      | Reached XP level 11. HP: 54/54 MP: 17/28
 15383 | D:9      | Offered knowledge of Ignite Poison by Vehumet.
 16122 | D:10     | Entered Level 10 of the Dungeon
 16124 | D:10     | Noticed Erica
 16159 | D:9      | Killed Erica
 16159 | D:9      | Reached skill level 12 in Spellcasting
 16368 | D:10     | Reached *** piety under Vehumet
 16382 | D:10     | Reached skill level 10 in Dodging
 16915 | D:10     | Noticed Grum
 16919 | D:10     | Killed Grum
 16919 | D:10     | Offered knowledge of Fulminant Prism by Vehumet.
 16919 | D:10     | Reached skill level 10 in Conjurations
 17387 | D:11     | Found a frozen archway.
 17702 | D:11     | Reached skill level 10 in Fire Magic
 17905 | IceCv    | Entered an ice cave
 18072 | IceCv    | Killed from afar by an ice statue

Levels and vault maps discovered:
D:1:      elethiomel_arrival_infinity_welcomes_careful_drivers,
          layout_loops_ring, minmay_circled_x
D:2:      minmay_evil_eye, layout_loops_cross, nicolae_qazlal_style_of_elements
D:3:      lemuel_upstairs_altar, layout_basic, minmay_strange_pillars,
          wad_orctagon, uniq_ijyb
D:4:      layout_basic, nicolae_overflow_hidden_temple, serial_shops, shop,
          shop_statue, first_ration
D:5:      layout_cave_pods, lemuel_round_altar, minitemple, temple_green,
          serial_shops, shop
D:6:      layout_basic
D:7:      layout_loops_cross, nicolae_overflow_crystal_walls,
          hangedman_abyss_or_decor_passed, kennysheep_donut, the_bakery,
          minmay_fractal_squares_diagonal_5
D:8:      argonaut_augean_stables, layout_basic, kennysheep_mini,
          david_lair_generic, gammafunk_ghost_icy, uniq_psyche, uniq_maurice
D:9:      layout_basic
D:10:     layout_basic, uniq_erica, uniq_grum
D:11:     layout_irregular_city, portal_ice_cave_rime, enter_trove_0, uniq_urug
Temple:   lightli_temple_of_artemis
IceCv:    ice_cave_tombish

Skill      XL: |  1  2  3  4  5  6  7  8  9 10 11 |
---------------+----------------------------------+-----
Dodging        | 3 4 6 7 9 10 | 10.8
Conjurations   | 2 3 4 5 6 8 9 10 | 10.5
Spellcasting   | 5 6 7 8 10 11 12 | 12.8
Fire Magic     | 1 2 3 4 6 7 9 10 | 10.2
Poison Magic   | 1 2 |  2.0
Air Magic      | 1 2 |  2.0
Summonings     | 2 |  2.0
Stealth        | |  2.4
Translocations | |  1.1

Action                   |  1- 3 |  4- 6 |  7- 9 | 10-12 || total
-------------------------+-------+-------+-------+-------++-------
Melee: Unarmed           |     1 |       |       |       ||     1
       Dagger            |       |    18 |    14 |     4 ||    36
       Staff             |       |       |       |     1 ||     1
 Cast: Magic Dart        |   101 |   201 |   365 |   199 ||   866
       Mephitic Cloud    |       |     9 |    24 |    23 ||    56
       Call Imp          |       |     7 |    20 |    22 ||    49
       Conjure Flame     |       |     5 |    26 |    37 ||    68
       Blink             |       |     3 |     3 |     9 ||    15
       Fireball          |       |       |     7 |    54 ||    61
       Sticky Flame      |       |       |       |    15 ||    15
  Use: Potion            |       |       |     1 |     1 ||     2
       Scroll            |       |       |    11 |       ||    11
 Stab: Confused          |       |     1 |       |       ||     1
  Eat: Chunk             |     2 |    11 |    22 |     5 ||    40
       Ration            |       |       |       |     5 ||     5
Armor: Robe              |    13 |    18 |    22 |    11 ||    64
Dodge: Dodged            |    36 |    43 |    73 |    47 ||   199

Table legend:
 A = Non-vault XP
 B = Vault XP
 C = Vault XP percentage of total XP
 D = Non-vault monster count
 E = Vault monster count
 F = Vault count percentage of total count
                 A         B        C        D         E       F
            +---------+---------+-------+---------+---------+-------
      Total |    9325 |    9949 |  51.6 |     220 |      51 |  18.8
            +---------+---------+-------+---------+---------+-------
        D:1 |      40 |       7 |  14.9 |      24 |       4 |  14.3
        D:2 |      71 |       7 |   9.0 |      19 |       3 |  13.6
        D:3 |      92 |      47 |  33.8 |      28 |       5 |  15.2
        D:4 |     655 |       0 |   0.0 |      24 |       0 |   0.0
        D:5 |     333 |       0 |   0.0 |      12 |       0 |   0.0
        D:6 |     766 |       0 |   0.0 |      24 |       0 |   0.0
        D:7 |    1750 |    1308 |  42.8 |      17 |      10 |  37.0
        D:8 |     883 |    4762 |  84.4 |      20 |      17 |  45.9
        D:9 |    1364 |     912 |  40.1 |      16 |       1 |   5.9
       D:10 |     969 |     672 |  41.0 |      21 |       5 |  19.2
       D:11 |    2402 |     766 |  24.2 |      15 |       2 |  11.8
      IceCv |       0 |    1468 | 100.0 |       0 |       4 | 100.0
            +---------+---------+-------+---------+---------+-------
